Map: Stacja mieszkalna ER (Void)

Players

Jason

  • Race: Terran Terran
  • League: Grandmaster
  • Spawn Location: 11:00

OuO - Winner!

  • Race: Protoss Protoss
  • League: Master
  • Spawn Location: 1:00

VOD

Have the link to the VOD?

Description

Time

  • Played on: Dec. 26, 2016, 12:30 p.m.
  • Length: 15:34
Show
View Real Time Build Order
Export as new Build Order

Jason Terran 

Build Orders: Reaper Expand, MMM Bio 

Get SALT Encoding   

  12  0:01  SCV  
  13  0:13  SCV  
  14  0:17  Supply Depot  
  14  0:26  SCV  
  15  0:39  SCV  
  15  0:40  Barracks  
  16  0:45  Refinery  
  16  0:51  SCV  
  17  1:03  SCV  
  18  1:15  SCV  
  19  1:29  Orbital Command, Reaper  
  20  1:44  Command Center  
  20  1:55  SCV  
  21  2:05  Barracks Reactor  
  21  2:09  SCV  
  21  2:11  Supply Depot  
  22  2:21  Refinery, SCV  
  23  2:33  SCV  
  23  2:35  Factory  
  24  2:39  Engineering Bay  
  24  2:41  Marine x2  
  26  2:45  SCV  
  27  3:00  Orbital Command  
  27  3:02  SCV  
  27  3:04  Marine x2  
  30  3:08  Missile Turret  
  30  3:09  Missile Turret  
  30  3:14  SCV  
  30  3:18  Widow Mine  
  33  3:22  Marine x2  
  36  3:27  SCV  
  36  3:29  Starport  
  36  3:32  SCV  
  37  3:39  SCV  
  37  3:40  Marine  
  37  3:41  Marine  
  39  3:44  SCV  
  39  3:46  Supply Depot  
  39  3:47  Widow Mine  
  42  3:56  SCV  
  42  4:00  Marine x2  
  42  4:01  SCV  
  46  4:04  Barracks  
  46  4:08  SCV  
  47  4:13  Medivac, SCV  
  50  4:17  Widow Mine  
  50  4:20  Marine x2  
  54  4:25  Supply Depot  
  54  4:27  Terran Infantry Weapons Level 1  
  54  4:39  Supply Depot  
  54  4:47  SCV x2, Marine x2  
  54  4:49  Medivac, Supply Depot  
  54  4:50  Factory Tech Lab  
  60  4:56  Barracks Tech Lab  
  60  4:59  SCV x2  
  61  5:02  Supply Depot  
  61  5:03  Supply Depot  
  61  5:07  Barracks, Marine x2  
  61  5:09  Siege Tank  
  61  5:11  SCV  
  61  5:12  SCV  
  68  5:17  Refinery  
  68  5:19  Liberator  
  68  5:25  SCV, Marine  
  69  5:30  SCV  
  69  5:34  Marauder, Marine  
  72  5:37  SCV  
  72  5:38  Stimpack  
  72  5:42  SCV  
  77  5:53  SCV  
  77  5:56  Marine x2, Barracks Tech Lab  
  78  6:01  Marauder  
  78  6:02  SCV  
  72  6:15  Combat Shields, Command Center  
  72  6:16  SCV  
  70  6:19  SCV  
  70  6:20  Starport  
  70  6:22  Factory Reactor  
  71  6:25  Marine x2  
  71  6:27  Marine  
  71  6:28  SCV  
  75  6:37  Starport Reactor  
  73  6:41  SCV  
  73  6:47  Terran Infantry Armor Level 1  
  73  6:48  Marine x2  
  73  6:49  Marauder x2  
  73  6:50  SCV  
  73  6:53  SCV  
  81  6:55  Missile Turret  
  81  6:56  Missile Turret  
  81  6:58  Refinery  
  81  6:59  Supply Depot  
  81  7:00  Supply Depot  
  81  7:02  SCV  
  81  7:05  SCV  
  81  7:06  Factory Reactor  
  81  7:07  Supply Depot  
  83  7:08  Marine  
  83  7:09  Supply Depot  
  83  7:14  SCV  
  85  7:17  SCV  
  85  7:18  Medivac  
  85  7:19  Medivac  
  85  7:20  Marine x2  
  92  7:26  SCV  
  92  7:28  SCV  
  94  7:36  Viking x2, Marauder  
  100  7:37  SCV  
  100  7:40  SCV, Orbital Command  
  102  7:45  Supply Depot x2  
  102  7:49  SCV  
  103  7:53  Marine  
  103  7:54  Marine, Marauder  
  103  7:55  Viking x2  
  103  7:57  SCV  
  112  8:01  SCV  
  112  8:03  Refinery  
  112  8:05  Sensor Tower  
  112  8:06  SCV  
  112  8:08  Refinery, Supply Depot  
  112  8:09  Marine  
  112  8:11  Marine  
  115  8:15  Marauder  
  115  8:16  Viking  
  115  8:18  Viking  
  121  8:20  SCV  
  121  8:26  Viking x2  
  126  8:27  SCV  
  126  8:34  Ghost Academy  
  127  8:36  Supply Depot x2, Marine  
  127  8:43  SCV x2  
  127  8:44  Marine x2  
  127  8:45  Marine  
  131  8:51  Supply Depot  
  131  8:54  Armory  
  131  8:59  Marine  
  131  9:02  Marine  
  135  9:03  Marauder, Viking, Marine  
  135  9:04  Viking  
  135  9:06  SCV x2  
  135  9:09  Viking  
  144  9:15  Viking  
  145  9:21  Marine x3  
  148  9:28  Supply Depot  
  148  9:33  Viking  
  148  9:34  Supply Depot  
  148  9:36  Supply Depot  
  150  9:39  Ghost  
  150  9:40  Ghost  
  154  9:50  Supply Depot  
  154  9:51  Viking x2  
  158  9:55  Viking  
  158  9:57  Marine  
  158  9:59  Marine  
  162  10:02  Terran Ship Weapons Level 1  
  162  10:08  Marine  
  162  10:12  Marine  
  164  10:14  Barracks  
  164  10:15  Barracks  
  164  10:19  Marine  
  164  10:21  Marine  
  164  10:22  Viking  
  164  10:26  Marauder  
  169  10:30  Marine  
  148  10:47  Marauder  
  148  10:48  Viking x2, Marine x2  
  148  10:49  Marauder  
  142  10:54  Viking  
  125  10:59  Widow Mine x2  
  124  11:05  Viking  
  124  11:06  Marine x2  
  124  11:08  Command Center  
  124  11:09  Marine, Marauder  
  122  11:13  Barracks Tech Lab  
  111  11:20  Viking  
  111  11:24  Viking  
  115  11:27  Ghost  
  115  11:30  Ghost  
  115  11:31  Marine x3  
  122  11:33  Marine  
  120  11:48  Marine  
  120  11:49  Ghost  
  120  11:52  Marauder, Marine  
  120  11:56  Marine  
  120  11:58  SCV  
  120  11:59  SCV x2  
  118  12:10  SCV  
  118  12:11  SCV  
  118  12:12  SCV, Marine x2  
  118  12:13  Marauder  
  118  12:14  Viking x2  
  113  12:25  SCV  
  113  12:27  SCV  
  112  12:30  Viking  
  112  12:31  Viking  
  112  12:32  SCV  
  116  12:38  SCV  
  116  12:39  SCV  
  116  12:44  SCV, Viking  
  119  12:50  SCV  
  122  12:51  SCV  
  123  12:59  Missile Turret  
  123  13:00  Planetary Fortress  
  123  13:05  Viking  
  125  13:06  Viking  
  125  13:10  Marine  
  125  13:11  Marine  
  129  13:13  Marine  
  129  13:14  Marine x3  
  131  13:28  Marine  
  131  13:29  Marine  
  131  13:31  Marauder  
  131  13:32  Marauder, Marine x2  
  131  13:33  Sensor Tower  
  139  13:42  Viking  
  139  13:46  Marine  
  139  13:47  Marine  
  143  13:50  Marauder, Marine  
  143  13:53  Ghost, Marauder  
  149  14:05  Viking  
  149  14:06  Viking  
  149  14:07  Viking  
  149  14:08  Marine  
  149  14:09  Marine  
  135  14:12  Viking  
  135  14:14  SCV x2  
  135  14:17  Marine x3  
  140  14:20  SCV  
  140  14:22  Marine  
  136  14:34  Ghost  
  136  14:35  Viking  
  136  14:36  Viking  
  120  14:45  Marine  
  120  14:46  Marine  
  120  14:48  Ghost x2  
  116  14:57  Marine  
  97  15:03  Viking x2  
  97  15:07  Marine  
  80  15:11  Marine x2  
Show
View Real Time Build Order
Export as new Build Order

OuO Protoss - Winner!

Build Orders: 1 Gate Expand, Oracle Opening, Carrier Rush 

Get SALT Encoding   

  12  0:01  Probe (Chrono Boost)  
  13  0:12  Probe (Chrono Boost)  
  14  0:18  Pylon  
  14  0:22  Probe (Chrono Boost)  
  15  0:37  Probe (Chrono Boost), Gateway  
  15  0:41  Assimilator  
  16  0:47  Probe (Chrono Boost)  
  17  0:58  Probe (Chrono Boost)  
  18  1:08  Probe (Chrono Boost)  
  19  1:21  Nexus  
  19  1:31  Cybernetics Core  
  19  1:35  Probe (Chrono Boost)  
  20  1:40  Assimilator  
  20  1:46  Probe (Chrono Boost)  
  21  1:52  Pylon  
  21  1:56  Probe (Chrono Boost)  
  22  2:07  Adept  
  22  2:08  Probe (Chrono Boost)  
  25  2:17  Stargate  
  25  2:22  Probe (Chrono Boost)  
  26  2:23  Warp Gate  
  25  2:39  Probe (Chrono Boost)  
  25  2:41  Probe (Chrono Boost)  
  27  2:49  Adept  
  30  2:52  Probe x2 (Chrono Boost)  
  30  2:56  Oracle  
  31  3:02  Probe (Chrono Boost)  
  31  3:04  Probe (Chrono Boost), Assimilator  
  36  3:07  Assimilator  
  36  3:13  Probe (Chrono Boost)  
  36  3:16  Probe (Chrono Boost)  
  38  3:20  Adept  
  38  3:23  Probe (Chrono Boost)  
  42  3:28  Probe (Chrono Boost)  
  43  3:34  Probe (Chrono Boost)  
  43  3:37  Pylon  
  43  3:39  Probe (Chrono Boost)  
  44  3:45  Probe (Chrono Boost)  
  45  3:50  Probe (Chrono Boost)  
  48  3:56  Mothership Core (Chrono Boost)  
  48  4:00  Probe (Chrono Boost)  
  49  4:04  Pylon  
  49  4:07  Forge  
  49  4:11  Probe (Chrono Boost)  
  49  4:14  Probe (Chrono Boost)  
  49  4:15  Fleet Beacon  
  51  4:22  Stargate  
  51  4:25  Probe (Chrono Boost)  
  51  4:26  Probe (Chrono Boost)  
  51  4:30  Adept  
  55  4:37  Probe (Chrono Boost)  
  57  4:38  Probe (Chrono Boost)  
  57  4:41  Pylon  
  57  4:47  Probe (Chrono Boost)  
  57  4:48  Photon Cannon  
  57  4:50  Probe (Chrono Boost)  
  59  4:58  Carrier  
  59  5:01  Photon Cannon  
  59  5:02  Protoss Air Weapons Level 1  
  65  5:14  Pylon  
  64  5:22  Carrier  
  70  5:35  Probe (Chrono Boost)  
  72  5:37  Probe (Chrono Boost)  
  72  5:39  Graviton Catapult  
  72  5:43  Pylon  
  65  5:57  Probe (Chrono Boost)  
  65  5:58  Probe (Chrono Boost)  
  66  6:08  Probe (Chrono Boost)  
  66  6:11  Probe (Chrono Boost)  
  68  6:12  Carrier  
  68  6:13  Twilight Council  
  69  6:20  Probe (Chrono Boost)  
  69  6:22  Nexus  
  75  6:28  Pylon  
  75  6:30  Probe (Chrono Boost)  
  76  6:36  Carrier  
  77  6:47  Probe (Chrono Boost)  
  77  6:49  Adept  
  77  6:52  Probe (Chrono Boost)  
  77  6:53  Resonating Glaives  
  86  7:00  Gateway  
  86  7:06  Gateway  
  86  7:14  Gateway  
  86  7:23  Pylon  
  86  7:24  Pylon  
  86  7:26  Adept  
  85  7:33  Pylon  
  85  7:34  Probe (Chrono Boost)  
  85  7:36  Probe x2 (Chrono Boost)  
  88  7:38  Carrier  
  88  7:45  Probe (Chrono Boost)  
  88  7:48  Probe x2 (Chrono Boost)  
  95  7:59  Probe (Chrono Boost)  
  95  8:00  Probe (Chrono Boost)  
  95  8:03  Assimilator  
  97  8:05  Pylon  
  97  8:06  Assimilator  
  97  8:07  Carrier  
  97  8:10  Probe (Chrono Boost)  
  97  8:11  Probe (Chrono Boost)  
  100  8:14  Probe (Chrono Boost)  
  106  8:25  Templar Archives  
  106  8:28  Pylon  
  106  8:31  Probe (Chrono Boost)  
  106  8:33  Probe (Chrono Boost)  
  108  8:48  Gateway  
  108  8:50  Gateway  
  108  8:51  Gateway  
  108  8:52  Pylon  
  108  8:55  Pylon  
  108  8:56  Adept  
  108  8:57  Pylon  
  108  9:01  Oracle  
  108  9:05  Adept x2  
  108  9:06  Adept  
  108  9:08  Psionic Storm  
  117  9:18  High Templar  
  117  9:23  Gateway  
  121  9:24  Probe (Chrono Boost)  
  121  9:25  Probe (Chrono Boost)  
  121  9:27  Probe (Chrono Boost), Gateway  
  121  9:30  High Templar x3  
  128  9:41  Pylon  
  126  9:54  High Templar x2  
  126  9:55  High Templar x2  
  134  10:01  Gateway  
  134  10:02  Gateway  
  134  10:04  Photon Cannon  
  134  10:11  High Templar x2  
  138  10:16  Adept  
  140  10:22  Adept x2  
  140  10:24  Protoss Ground Weapons Level 1  
  144  10:29  Adept x4  
  152  10:41  Archon  
  106  10:53  Adept x2  
  106  10:54  Adept x6  
  112  10:58  Adept  
  112  11:01  Carrier  
  114  11:06  Carrier  
  120  11:32  Probe (Chrono Boost)  
  120  11:33  Probe (Chrono Boost)  
  120  11:44  Nexus  
  114  12:14  Probe (Chrono Boost)  
  113  12:26  Carrier  
  113  12:28  Stargate, Protoss Air Weapons Level 2  
  113  12:29  Stargate  
  109  12:32  Carrier, High Templar x4  
  109  12:33  Adept x2  
  109  12:34  Adept x3  
  129  12:44  Assimilator  
  129  12:48  Assimilator  
  129  12:50  Pylon  
  129  12:54  Adept x3  
  129  12:55  Adept x2  
  129  12:57  Mothership Core (Chrono Boost)  
  141  13:03  Photon Cannon  
  141  13:10  Robotics Facility  
  138  13:23  Carrier  
  144  13:47  Carrier  
  150  13:52  Carrier  
  156  14:21  Adept  
  156  14:22  Adept x6  
  170  14:28  Observer  
  170  14:30  Archon x2  
  133  14:50  Observer  
  116  15:09  Adept x2  
  116  15:10  Adept x2  
  130  15:22  Nexus  
  130  15:24  Pylon  
  130  15:26  Pylon  
Tags
 
Add a new tag
Caveats
  • Supply blocks, unpowered buildings, or Contaminate may cause inaccurate times.
  • Supply counts are checked every 10 seconds.